 Dungeon Crawl Stone Soup version 0.30.0-5-g1a98f26d00 (webtiles) character file.

Game seed: 7054691284181398931

428 HeliumTrimp the Slasher (level 7, -1/56 HPs)
             Began as a Formicid Fighter on May 10, 2023.
             Slain by an orc wizard
             ... wielding a +0 dagger
              (3 damage)
             ... on level 4 of the Dungeon.
             The game lasted 00:06:10 (3309 turns).

HeliumTrimp the Slasher (Formicid Fighter)          Turns: 3309, Time: 00:06:10

Health: -1/56      AC:  8    Str: 20    XL:     7   Next: 18%
Magic:  7/7        EV: 10    Int:  8    God:
Gold:   42         SH:  0    Dex: 15    Spells: 6/6 levels left

rFire   . . .        a - +0 long sword
rCold   x . .        c - +0 buckler
rNeg    . . .        p - +0 ring mail
rPois   .            (helmet unavailable)
rElec   .            b - +0 cloak
rCorr   .            (no gloves)
SInv    +            j - +0 pair of boots
Will    .....        (no amulet) Stlth
                     (no ring)
HPRegen 0.29/turn    (no ring)
MPRegen 0.10/turn

%: no passive effects
@: confused, unable to drink
A: permanent stasis, dig shafts and tunnels, antennae 3, four strong arms, wild
magic 1, cold vulnerability 1, inability to drink after injury 1, sturdy frame 1
a: Dig, Shaft Self


You were on level 4 of the Dungeon.
You visited 1 branch of the dungeon, and saw 4 of its levels.

You collected 171 gold pieces.
You spent 129 gold pieces at shops.

Inventory:

Hand Weapons
 a - a +0 long sword (weapon)
Armour
 b - a +0 cloak (worn)
 c - a +0 buckler (worn)
 j - a +0 pair of boots (worn)
 p - a +0 ring mail (worn)
Jewellery
 q - a +5 ring of evasion
Scrolls
 f - a scroll of poison {unknown}
 k - a scroll of magic mapping {unknown}
 l - a scroll of amnesia {unknown}
 o - a scroll of teleportation {unknown}
 r - a scroll of identify
Potions
 h - 2 potions of brilliance
 m - a potion of attraction


   Skills:
 + Level 5.4 Fighting
 * Level 6.0 Long Blades
 - Level 3.2 Armour
 - Level 4.0 Shields


You had 6 spell levels left.
You didn't know any spells.
Your spell library contained the following spells:

 Spells                   Type           Power      Damage    Failure   Level
 Ensorcelled Hibernation  Hex/Ice        0%         N/A       78%         2
 Spider Form              Tmut/Pois      0%         N/A       95%         3
 Anguish                  Hex/Necr       0%         N/A       100%        4


Dungeon Overview and Level Annotations

Branches:
Dungeon (4/15)
 Temple: D:4-7

Altars:
Uskayaw
Zin

Shops:
D:3 *   D:4 *

Annotations:
D:3 2 transporters, LaggoTC's ghost, amateur OpFE


Innate Abilities, Weirdness & Mutations

You cannot be hasted, slowed, berserked, paralysed or teleported.
You can dig through walls and to a lower floor.
You have a pair of large antennae on your head. (SInv)
Your four strong arms can wield two-handed weapons with a shield.
Your spells are a little harder to cast, but a little more powerful.
You are vulnerable to cold. (rC-)
You occasionally lose the ability to drink potions when taking damage.
Your movements are slightly less encumbered by armour. (ER -2)


Message History

The orc wizard hits you with a +0 dagger.
* * * LOW HITPOINT WARNING * * *
You hit the orc priest but do no damage.
The orc priest is almost dead.
The orc completely misses you.
The orc wizard gestures wildly while chanting.
The orc wizard flickers and vanishes for a moment.
The orc priest invokes the aid of Beogh against you.
You struggle to resist.
You block the orc wizard's attack.
You closely miss the orc priest.
The orc priest is almost dead.
The orc barely misses you. You block the orc wizard's attack.
The orc priest mumbles some strange prayers to Beogh against you.
You struggle to resist.
The orc wizard points at you and mumbles some strange words.
You are confused.
You closely miss the orc priest.
The orc priest is almost dead.
The orc wizard casts a spell at you. The magic dart hits you.
* * * LOW HITPOINT WARNING * * *
The orc hits you but does no damage.
The orc wizard hits you with a +0 dagger.
* * * LOW HITPOINT WARNING * * *
The orc priest hits you with a +0 club.
* * * LOW HITPOINT WARNING * * *
You miss the orc wizard.
The orc wizard hits you but does no damage.
The orc hits you but does no damage.
The orc priest casts a cantrip, but nothing happens.
The orc wizard casts a spell at you.
You are more confused.
Unknown command.
You hit the orc priest.
You kill the orc priest!
The orc barely misses you. The orc wizard casts a spell at you.
The magic dart hits you but does no damage.
The orc wizard hits you with a +0 dagger.
You die...

.#.....###### .##
#..........########..#
#..........##........#.
#..........##.........?
#..........##..........
#..........##....o...#
#######..........##{.......#
...(..#.)......o.##!..o....#
......#........o@##.....####
...............o)##.....#
..............##w)......#
.........#.....#...........
........###.............#.#
......#.#⌠_..∩...##########
...|..#.###......#
......#..#.......#
########...#....##


You could see 2 orc wizards, a dart slug and an orc.

Vanquished Creatures
  A scorpion (D:3)
  A jelly (D:3)
  A hound (D:4)
  2 orc priests
  4 orc wizards
  3 gnolls
  3 adders (D:3)
  A dart slug (D:3)
  A worm (D:1)
  13 orcs
  17 endoplasms
  7 giant cockroaches
  6 hobgoblins
  3 jackals (D:1)
  5 quokkas
  10 ball pythons
  3 bats
  4 frilled lizards
  10 goblins
  7 kobolds
  5 rats (D:1)
107 creatures vanquished.

Notes
Turn   | Place    | Note
-------+----------+-------------------------------------------
     0 | D:1      | HeliumTrimp the Formicid Fighter began the quest for the
                  | Orb.
     0 | D:1      | Reached XP level 1. HP: 18/18 MP: 1/1
     2 | D:1      | Found a runed translucent door.
    67 | D:1      | Reached XP level 2. HP: 24/24 MP: 2/2
   422 | D:1      | Reached XP level 3. HP: 27/27 MP: 3/3
   474 | D:1      | Reached skill level 3 in Long Blades
   818 | D:2      | Reached XP level 4. HP: 37/37 MP: 4/4
  1637 | D:3      | Reached skill level 4 in Long Blades
  1696 | D:3      | Reached XP level 5. HP: 38/42 MP: 5/5
  1791 | D:3      | Found a transporter.
  1791 | D:3      | Identified the +8 giant spiked club of Peril {flame, rPois
                  | rF+ Str+2 Int-3}
  1791 | D:3      | Noticed an ogre
  1791 | D:3      | Noticed LaggoTC's ghost (amateur OpFE)
  1883 | D:3      | Found a transporter.
  1887 | D:3      | Noticed an ogre
  1954 | D:3      | Reached XP level 6. HP: 49/49 MP: 6/6
  2059 | D:3      | Found Zyisinah's Assorted Antiques.
  2078 | D:3      | Bought a cloak for 108 gold pieces
  2085 | D:3      | Bought a sapphire potion for 21 gold pieces
  2103 | D:3      | Found a hide-covered altar of Uskayaw.
  2620 | D:3      | Gained mutation: You are vulnerable to cold. (rC-) [potion
                  | of mutation]
  2620 | D:3      | Gained mutation: You occasionally lose the ability to drink
                  | potions when taking damage. [potion of mutation]
  2620 | D:3      | Gained mutation: Your movements are slightly less
                  | encumbered by armour. (ER -2) [potion of mutation]
  2620 | D:3      | Gained mutation: Your spells are a little harder to cast,
                  | but a little more powerful. [potion of mutation]
  2629 | D:3      | Reached skill level 5 in Long Blades
  2630 | D:3      | Reached skill level 5 in Fighting
  3073 | D:4      | Reached XP level 7. HP: 47/56 MP: 7/7
  3155 | D:4      | Found a glowing silver altar of Zin.
  3155 | D:4      | Found Zin's Purification Station.
  3219 | D:4      | Reached skill level 6 in Long Blades
  3307 | D:4      | HP: 1/56 [orc priest/+0 club (4)]
  3309 | D:4      | Slain by an orc wizard

Illustrated notes

Levels and vault maps discovered:
D:1:      dpeg_arrival_caged_fury, layout_basic
D:2:      layout_loops_cross, wad_floor_pattern_untrapped, st_stairs_11,
          kennysheep_doodads
D:3:      layout_basic, mainiacjoe_overflow_surrounded_room, serial_shops,
          nicolae_shop_overgrown_old_shop, gammafunk_ghost_smash,
          grunt_ministairs_12, nicolae_titane
D:4:      layout_basic, zin_purify, xom_redecorated, minmay_misc_feat_room,
          minmay_misc_feat_hallway

Skill      XL: |  1  2  3  4  5  6  7 |
---------------+----------------------+-----
Long Blades    | 3 4 5 6 |  6.0
Fighting       | 4 5 |  5.4
Armour         | |  3.2
Shields        | |  4.0

Action                     |  1- 3 |  4- 6 |  7- 9 || total
---------------------------+-------+-------+-------++-------
  Melee: Long sword        |   115 |   205 |    50 ||   370
Ability: Dig               |     1 |     2 |       ||     3
    Use: Potion            |       |     6 |       ||     6
         Scroll            |       |     2 |       ||     2
 Armour: Scale mail        |    55 |    55 |       ||   110
         Ring mail         |       |    50 |    30 ||    80
  Dodge: Dodged            |    48 |    90 |    36 ||   174
  Block: Buckler           |    24 |    56 |    20 ||   100
